 Dungeon Crawl Stone Soup version 0.15.1-1-gfacfea3 (webtiles) character file.

194 Kashira the Chiller (level 5, 21/21 HPs)
             Began as a Felid Ice Elementalist on Sept 21, 2014.
             Quit the game on Level 3 of the Dungeon.
             The game lasted 00:16:57 (4684 turns).

Kashira the Chiller (Felid Ice Elementalist)        Turns: 4684, Time: 00:16:57

HP  21/21        AC  2     Str  8      XL: 5   Next: 44%
MP  16/16        EV 19     Int 18      God:
Gold 84          SH  0     Dex 16      Spells:  4 memorised,  2 levels left
Lives: 0, deaths: 1

rFire  . . .     SeeInvis +     g - legendary deck of defence {drawn: 4}
rCold  . . .     Clarity  .     (armour unavailable)
rNeg   . . .     rCorr    .     (shield unavailable)
rPois  .         rRot     .     (helmet unavailable)
rElec  .         Spirit   .     (cloak unavailable)
SustAb .         Warding  .     (gloves unavailable)
rMut   .         Stasis   .     (boots unavailable)
Gourm  .                        (no amulet)
MR     .....                    (no ring)
                                a - +3 ring of strength

@: quick, not resistant to hostile enchantments, fairly stealthy
A: paw claws, no armour, no weapons or thrown items, fangs 3, see invisible,
carnivore 3, speed 1, shaggy fur 2, slow metabolism 1, jump 2
a: Jump Attack


You were on level 3 of the Dungeon.
You were not hungry.

You visited 1 branch of the dungeon, and saw 3 of its levels.
You also visited: Sewer.

You collected 84 gold pieces.

Inventory:

Comestibles
 c - 2 meat rations
 h - a chunk of orc flesh
Scrolls
 e - a scroll of identify
Jewellery
 a - a +3 ring of strength (left paw)
Potions
 f - 2 potions of magic
Books
 b - a book of Frost

   Spells                             Type                      Level
   *Freeze                            Ice                          1
   *Throw Frost                       Conjuration/Ice              2
   *Ozocubu's Armour                  Charms/Ice                   3
   Throw Icicle                       Conjuration/Ice              4
   Summon Ice Beast                   Ice/Summoning                4
   *Condensation Shield               Ice                          4
Miscellaneous
 g - a legendary deck of defence {drawn: 4} (in mouth)


   Skills:
 + Level 0.2 Fighting
 + Level 3.7 Dodging
 - Level 3.0 Stealth
 + Level 0.6 Unarmed Combat
 + Level 4.3 Spellcasting
 + Level 1.1 Conjurations
 + Level 1.0 Charms
 + Level 4.5 Ice Magic


You had 2 spell levels left.
You knew the following spells:

 Your Spells              Type           Power        Failure   Level  Hunger
a - Freeze                Ice            ###.         1%          1    None
b - Throw Frost           Conj/Ice       ##....       10%         2    #......
c - Ozocubu's Armour      Chrm/Ice       ##......     17%         3    ###....
d - Condensation Shield   Ice            ###.......   24%         4    ####...


Dungeon Overview and Level Annotations

Branches:
Dungeon (3/15)

Altars:
Ashenzari
Xom

Annotations:
D:3 Kashira's ghost, weakling FeIE


Innate Abilities, Weirdness & Mutations

You cannot wear armour.
You are incapable of wielding weapons or throwing items.
Your paws have sharp claws.
You have razor-sharp teeth.
You have supernaturally acute eyesight.
You are carnivorous and can eat meat at any time.
You cover ground quickly.
You are covered in thick fur (AC +2).
You have a slow metabolism.
You can jump attack at a medium distance.


Message History

The puff of frost hits you! You resist.
* * * LOW HITPOINT WARNING * * *
Kashira's ghost points at you and mumbles some strange words.
The puff of frost misses you.
Kashira's ghost points at you and mumbles some strange words.
The puff of frost hits you! You resist.
* * * LOW HITPOINT WARNING * * *
You draw a card...
It is the Potion.
You feel protected.
You draw a card...
It is Metamorphosis.
You extend your transformation's duration.
You draw a card...
It is the Blade.
You feel like a smilodon for a moment. Kashira's ghost casts a spell at you.
The puff of frost hits you! You resist.
You die...
You are now level 5!
You feel yourself come back to life.
You rejoin the land of the living...
Found a ring mail.
Are you sure you want to abandon this character and quit the game? (Confirm with "yes".)

##.....,*** #.#
##..##.,,*########.#
*#.$.*#*,..........#
*....,***#.........#
**#.!..,*
#...[.....#
,,,...,,*
#.........#
***,,,,,*
#.........# *,,,,,*
#.........# *,,,,,*
#....@....# **,,,**
#.........# **,**
########### ***


There were no monsters in sight!

Vanquished Creatures
  3 big kobolds (Sewer)
  An orc priest (D:3)
  Ijyb (D:2)
  2 adders
  A green rat (Sewer)
  A giant mite (D:2)
  3 worms
  3 giant geckos (D:3)
  4 oozes
  An orc (D:3)
  2 ball pythons (D:2)
  11 bats
  11 goblins
  A green rat zombie (Sewer)
  2 hobgoblins
  2 jackals (D:1)
  A quokka (D:2)
  6 giant cockroaches
  5 giant newts
  4 green rat skeletons (Sewer)
  8 kobolds
  10 rats
  3 rat zombies (Sewer)
86 creatures vanquished.

Notes
Turn   | Place    | Note
--------------------------------------------------------------
     0 | D:1      | Kashira, the Felid Ice Elementalist, began the quest for the Orb.
     0 | D:1      | Reached XP level 1. HP: 7/7 MP: 4/4
   351 | D:1      | Reached skill level 3 in Stealth
   406 | D:1      | Reached XP level 2. HP: 11/11 MP: 2/5
   502 | D:1      | Learned a level 2 spell: Throw Frost
  1325 | D:1      | Reached XP level 3. HP: 14/14 MP: 6/8
  1330 | D:1      | Learned a level 3 spell: Ozocubu's Armour
  2441 | D:2      | Reached XP level 4. HP: 18/18 MP: 0/12
  2614 | D:2      | Found a shattered altar of Ashenzari.
  2640 | D:2      | Found a shimmering altar of Xom.
  2756 | D:2      | Noticed Ijyb
  2859 | D:2      | Killed Ijyb
  3055 | D:3      | Noticed Kashira's ghost (weakling FeIE)
  3098 | D:3      | Found a glowing drain.
  3146 | Sewer    | Entered a sewer
  3209 | Sewer    | Noticed a big kobold necromancer
  3226 | Sewer    | Killed a big kobold necromancer
  3226 | Sewer    | Reached skill level 1 in Conjurations
  3226 | Sewer    | Reached skill level 4 in Ice Magic
  3226 | Sewer    | Reached XP level 5. HP: 21/21 MP: 6/14
  3243 | Sewer    | Learned a level 4 spell: Condensation Shield
  3277 | Sewer    | Noticed a big kobold necromancer
  3287 | Sewer    | Killed a big kobold necromancer
  3847 | Sewer    | Noticed a big kobold necromancer
  3859 | Sewer    | Killed a big kobold necromancer
  3859 | Sewer    | Gained mutation: You are covered in thick fur (AC +2). [growing up]
  3859 | Sewer    | Gained mutation: You can jump attack at a medium distance. [growing up]
  3859 | Sewer    | Reached XP level 6. HP: 17/24 MP: 2/18
  4116 | Sewer    | Reached skill level 1 in Charms
  4683 | D:3      | Killed from afar by Kashira's ghost
  4684 | D:3      | Reached XP level 5. HP: 0/21 MP: 16/16
  4684 | D:3      | Quit the game

Action                   |  1- 3 |  4- 6 || total
-------------------------+-------+-------++-------
Melee: Unarmed           |    28 |    56 ||    84
 Cast: Freeze            |    84 |    73 ||   157
       Throw Frost       |     4 |    12 ||    16
       Ozocubu's Armour  |     1 |    10 ||    11
       Condensation Shie |       |     5 ||     5
 Abil: Jump Attack       |     2 |       ||     2
Evoke: Deck              |       |     4 ||     4
  Use: Scroll            |       |     4 ||     4
       Potion            |       |     3 ||     3
 Stab: Sleeping          |       |     2 ||     2
  Eat: Chunk             |    12 |     7 ||    19
